 Dungeon Crawl Stone Soup version 0.13.0-7-g3df9ff1 (webtiles) character file.

267 Lilouch the Covered (level 4, -6/36 HPs)
             Began as a Demonspawn Fighter on Oct 16, 2013.
             Killed by divine providence
             ... invoked by an orc priest
              (11 damage)
             ... on Level 3 of the Dungeon.
             The game lasted 00:13:42 (2009 turns).

Lilouch the Covered (Demonspawn Fighter)            Turns: 2009, Time: 00:13:42

HP  -6/36        AC 10     Str 16      XL: 4   Next: 48%
MP   0/4         EV  6     Int 11      God:
Gold 166         SH 17     Dex 12      Spells:  0 memorised,  6 levels left

Res.Fire  : . . .   See Invis. : .   a - +0 mace
Res.Cold  : + . .   Warding    : .   b - +0 scale mail
Life Prot.: . . .   Conserve   : .   v - +0 shield
Res.Poison: .       Res.Corr.  : .   e - +1 dwarf helmet
Res.Elec. : .       Clarity    : .   (no cloak)
Sust.Abil.: . .     Spirit.Shd : +   G - +0 pair of elf gloves
Res.Mut.  : .       Stasis     : .   (no boots)
Res.Rott. : .       Flight     : .   (no amulet)
Saprovore : . . .                    (no ring)
                                     (no ring)

@: slightly resistant to hostile enchantments, extremely unstealthy
A: hooves 1, cold resistance 1, magic shield
a: no special abilities


You were on level 3 of the Dungeon.
You were not hungry.

You visited 1 branch of the dungeon, and saw 4 of its levels.

You collected 146 gold pieces.

Inventory:

Hand weapons
 a - a +0,+0 mace (weapon)
Missiles
 k - 2 poisoned javelins (quivered)
 q - 23 stones
 r - 8 poisoned needles
Armour
 b - a +0 scale mail (worn)
 e - a +1 dwarven helmet (worn)
 h - a +0 buckler
 s - a +0 elven ring mail
 v - a +0 shield (worn)
 G - a +0 pair of elven gloves (worn)
Comestibles
 c - 3 chunks of worker ant flesh
 d - 2 bread rations
 i - a meat ration
 t - a lemon
 x - an apple
 z - a choko
 C - a rotting chunk of quokka flesh
 F - a chunk of rat flesh
Scrolls
 l - 2 scrolls of enchant weapon I {unknown}
 m - 2 scrolls of blinking {unknown}
 n - 3 scrolls of remove curse {unknown}
 o - 3 scrolls of magic mapping {unknown}
 p - 7 scrolls of identify {unknown}
 B - a scroll of teleportation {unknown}
 D - a scroll of recharging {unknown}
Jewellery
 g - an uncursed ring of positive energy {unknown}
 w - an uncursed amulet of stasis {unknown}
Potions
 f - 2 potions of slowing {unknown}
 j - 2 potions of speed {unknown}
 u - a potion of heal wounds {unknown}
 A - a potion of curing {unknown}
 E - a potion of resistance {unknown}
Books
 y - a book of Control

   Spells                             Type                      Level
   Control Teleport                   Charms/Translocation         4
   Control Undead                     Necromancy                   4
   Enslavement                        Hexes                        4
   Mass Confusion                     Hexes                        6
   Metabolic Englaciation             Hexes/Ice                    6


   Skills:
 - Level 3.0 Fighting
 + Level 3.0 Maces & Flails
 + Level 3.6 Armour
 - Level 2.6 Shields
 * Level 1.6 Spellcasting


You had 6 spell levels left.
You didn't know any spells.

Dungeon Overview and Level Annotations

Branches:
Dungeon (4/27)
 Temple: D:4-7

Altars:


Innate Abilities, Weirdness & Mutations

You have large cloven feet.
Your flesh is cold resistant.
When hurt, damage is shared between your health and your magic reserves.


Message History

You block the orc priest's attack.
An orc priest comes into view. It is wielding an orcish whip.
You hit the orc priest.
The orc priest is severely wounded.
The orc priest mumbles some strange prayers to Beogh against you.
Something smites you!
The orc hits you with an orcish short sword.
You block the orc priest's attack.
Your shield and scale mail prevent you from hitting the orc priest.
You kick the orc priest, but do no damage.
The orc priest is severely wounded.
The orc barely misses you.
The orc priest hits you but does no damage.
The orc barely misses you.
The orc priest invokes the aid of Beogh against you.
Something smites you!
* * * LOW HITPOINT WARNING * * *
The orc priest calls down the wrath of Beogh upon you.
Something smites you!
You die...

..... #.## ##...#.#
....#.# #...#.# ###
######## #...#(#
#.###....... #...#.#
#.#......... #######.o.#.#
#.#.#.###### ..o..o.oo.#.#
#.#.#.......
#######.#@#.###.#.#######.
#................####.
###......^............
.....#.....#.####.####.
####.#..(#.#.# #.# #.
#.#...#.#.# #.####.
#.#..(#.#.# #.##...
####.#..(#.#.# #.##.#.
#........#.#.# #.##.#.


You could see 3 orc priests and 2 orcs.

Vanquished Creatures
  A worker ant (D:3)
  2 adders (D:2)
  2 worms
  The ghost of M4edhros the Charlatan, a weakling OpAr (D:3)
  3 giant geckos (D:1)
  2 ball pythons (D:2)
  6 bats
  2 goblins (D:1)
  2 hobgoblins
  4 jackals (D:1)
  6 kobolds
  2 quokkas
  3 giant cockroaches (D:2)
  3 giant newts
  7 rats
46 creatures vanquished.

Notes
Turn   | Place    | Note
--------------------------------------------------------------
     0 | D:1      | Lilouch, the Demonspawn Fighter, began the quest for the Orb.
     0 | D:1      | Reached XP level 1. HP: 18/18 MP: 0/0
   276 | D:1      | Gained mutation: When hurt, damage is shared between your health and your magic reserves. [demonic ancestry]
   276 | D:1      | Reached XP level 2. HP: 22/24 MP: 1/1
   882 | D:2      | Gained mutation: Your flesh is cold resistant. [demonic ancestry]
   882 | D:2      | Reached XP level 3. HP: 23/30 MP: 2/2
   986 | D:2      | Reached skill level 1 in Spellcasting
  1660 | D:3      | Noticed M4edhros' ghost (weakling OpAr)
  1676 | D:3      | Killed M4edhros' ghost
  1688 | D:3      | Gained mutation: You have large cloven feet. [demonic ancestry]
  1688 | D:3      | Reached XP level 4. HP: 19/36 MP: 4/4
  1771 | D:4      | Noticed an ogre
  2009 | D:3      | Killed from afar by an orc priest

Action                   |  1- 3 |  4- 6 || total
-------------------------+-------+-------++-------
Melee: Mace              |   194 |    20 ||   214
